 Dungeon Crawl Stone Soup version 0.28.0-43-g3370ac3207 (webtiles) character file.

Game seed: 13162949215647295

65 Gabide the Skirmisher (level 3, 0/29 HPs)
             Began as a Mummy Monk on Mar 17, 2022.
             Was an Elder of Lugonu.
             Slain by an iguana (2 damage)
             ... on level 3 of the Dungeon.
             The game lasted 00:03:36 (2722 turns).

Gabide the Skirmisher (Mummy Monk)                  Turns: 2722, Time: 00:03:37

Health: 0/29       AC:  2    Str: 16    XL:     3   Next: 92%
Magic:  2/3        EV: 13    Int:  9    God:    Lugonu [****..]
Gold:   114        SH:  0    Dex: 14    Spells: 2/2 levels left

rFire   x . .      SeeInvis .     - Unarmed
rCold   + . .      Faith    .   (no shield)
rNeg    + + +      Spirit   .   a - +0 robe
rPois   ∞          Reflect  .   (no helmet)
rElec   .          Harm     .   (no cloak)
rCorr   .          Rampage  .   (no gloves)
Will    .....                   (no boots)
Stlth   ++........              (no amulet)
HPRegen 0.09/turn               (no ring)
MPRegen 0.08/turn               (no ring)

@: no status effects
A: cold resistance 1, negative energy resistance 3, torment resistance 2, heat
vulnerability 1, no potions
a: Renounce Religion, Depart the Abyss, Bend Space, Banish, Corrupt


You were on level 3 of the Dungeon.
You worshipped Lugonu.
Lugonu was greatly pleased with you.
You visited 1 branch of the dungeon, and saw 3 of its levels.

You collected 114 gold pieces.

Inventory:

Armour
 a - a +0 robe (worn)
Scrolls
 b - a scroll of enchant weapon {unknown}
 c - 2 scrolls of teleportation {unknown}
 d - 2 scrolls of identify {unknown}
 e - a scroll of amnesia {unknown}
 f - a scroll of fog {unknown}


   Skills:
 * Level 3.3 Fighting
 * Level 3.0 Dodging
 + Level 1.8 Stealth
 * Level 3.1 Unarmed Combat
 * Level 0.3 Invocations


You had 2 spell levels left.
You didn't know any spells.
Your spell library was empty.

Dungeon Overview and Level Annotations

Branches:
Dungeon (3/15)

Altars:
Gozag
Lugonu

Shops:
D:2 (


Innate Abilities, Weirdness & Mutations

You are immune to poison.
Your flesh is cold resistant. (rC+)
You are immune to negative energy. (rN+++)
You are immune to unholy pain and torment.
You are vulnerable to heat. (rF-)
You do not drink.


Message History

The iguana is heavily wounded.
You closely miss the iguana.
The iguana is heavily wounded.
The iguana closely misses you.
You hit the iguana.
The iguana is severely wounded.
The iguana bites you.
You barely miss the iguana.
The iguana is severely wounded.
The iguana barely misses you.
You hit the iguana but do no damage.
The iguana is severely wounded.
The iguana bites you!
* * * LOW HITPOINT WARNING * * *
You are too injured to fight recklessly!
You are too injured to fight recklessly!
You are too injured to fight recklessly!
You are too injured to fight recklessly!
You are too injured to fight recklessly!
You are too injured to fight recklessly!
You are too injured to fight recklessly!
Okay, then.
Unknown command.
Unknown command.
Space bends around you!
You blink.
The iguana bites you.
* * * LOW HITPOINT WARNING * * *
You don't have enough health at the moment.
Press: ? - help, v - describe, . - travel
Here: an iguana (severely wounded)
The floor, spattered with blood.
Unknown command.
Unknown command.
Unknown command.
Okay, then.
Unknown command.
Unknown command.
You hit the iguana but do no damage.
The iguana is severely wounded.
The iguana bites you.
You die...

### ##+###+
+.#######
+...+.#
#........
#..!#.# #@#
#._.#.+##+l#
#...#.#..#§#
+...'.#..#.#
+###'###'..'.#
#.......#..###
#.......#..#
+###'###+####
#..##..#.#


You could see an iguana.

Vanquished Creatures
  A gnoll (D:1)
  6 dart slugs
  An orc (D:2)
  3 bats
  6 endoplasms
  4 giant cockroaches (D:1)
  5 goblins (D:1)
  A hobgoblin (D:2)
  2 quokkas
  4 frilled lizards (D:1)
  3 kobolds (D:1)
  3 rats
39 creatures vanquished.

Notes
Turn   | Place    | Note
-------+----------+-------------------------------------------
     0 | D:1      | Gabide the Mummy Monk began the quest for the Orb.
     0 | D:1      | Reached XP level 1. HP: 18/18 MP: 1/1
    31 | D:1      | Reached XP level 2. HP: 5/24 MP: 2/2
   764 | D:1      | Found a faded altar of an unknown god.
   778 | D:1      | Reached XP level 3. HP: 21/29 MP: 3/3
   788 | D:1      | Prayed at the altar of an unknown god.
   788 | D:1      | Became a worshipper of Lugonu the Unformed
   788 | D:1      | Reached * piety under Lugonu
   788 | D:1      | Reached ** piety under Lugonu
   788 | D:1      | Reached *** piety under Lugonu
  1573 | D:1      | You fall into a shaft and drop 1 floor!
  1573 | D:2      | Found Qeume's Antique Weapon Boutique.
  1977 | D:2      | Reached **** piety under Lugonu
  2087 | D:2      | Identified the +1 chain mail of the Seven Xalams {rCorr
                  | Str+3}
  2686 | D:3      | Found an opulent altar of Gozag.
  2722 | D:3      | Slain by an iguana

Illustrated notes

Levels and vault maps discovered:
D:1:      dpeg_arrival_line_fractal, layout_basic,
          shapermc_ecumenical_altar_starsandcircs, corexii_hall_statues_t
D:2:      layout_basic, serial_shops, nicolae_shop_advertising_works
          [nicolae_subvault_shop_adworks], moated_statue
D:3:      layout_loops_corners, mainiacjoe_overflow_24_doors,
          minmay_goblin_outpost

Skill      XL: |  1  2  3 |
---------------+----------+-----
Unarmed Combat | 3 |  3.1
Dodging        | 3 |  3.0
Fighting       | |  3.3
Stealth        | |  1.8
Invocations    | |  0.3

Action                   || total
-------------------------++-------
Melee: Unarmed           ||   185
       Punch             ||     7
Invok: Bend Space        ||     1
 Stab: Sleeping          ||     8
Armor: Robe              ||    15
Dodge: Dodged            ||    80
